 Dungeon Crawl Stone Soup version 0.28-a0-1233-g92def6ad0a (webtiles) character file.

Game seed: 12932546697581656077

40 Lekart the Skirmisher (level 3, -12/28 (33) HPs)
             Began as a Draconian Chaos Knight on Dec 23, 2021.
             Was a Plaything of Xom.
             Mangled by an ice devil (23 damage)
             ... summoned by Xom
             ... on level 2 of the Dungeon.
             The game lasted 00:01:37 (1434 turns).

Lekart the Skirmisher (Draconian Chaos Knight)      Turns: 1434, Time: 00:01:38

HP:   -12/28 (33)   AC:  5    Str: 14    XL:     3   Next: 30%
MP:   3/3           EV: 12    Int: 12    God:    Xom [......]
Gold: 147           SH:  0    Dex: 12    Spells: 2/2 levels left

rFire   . . .      SeeInvis .   a - +0 hand axe (chaos)
rCold   . . .      Faith    .   (no shield)
rNeg    . . .      Spirit   .   (armour unavailable)
rPois   .          Reflect  .   (helmet restricted)
rElec   .          Harm     .   (no cloak)
rCorr   .          Rampage  .   (no gloves)
Will    .....                   (no boots)
Stlth   +.........              (no amulet)
HPRegen 0.09/turn               (no ring)
MPRegen 0.08/turn               (no ring)

@: heavily drained
A: AC +5, unfitting armour, cold-blooded
a: Renounce Religion


You were on level 2 of the Dungeon.
You worshipped Xom.
You were a very special plaything of Xom.
You visited 1 branch of the dungeon, and saw 2 of its levels.

You collected 147 gold pieces.

Inventory:

Hand Weapons
 a - a +0 hand axe of chaos (weapon)
Scrolls
 b - a scroll of enchant armour {unknown}
 h - 2 scrolls of blinking {unknown}
Potions
 c - a potion of invisibility {unknown}
 d - a potion of mutation {unknown}
 e - a potion of lignification {unknown}
 f - a potion of brilliance {unknown}
 g - a potion of curing {unknown}


   Skills:
 + Level 4.0 Fighting
 + Level 3.7 Axes
 + Level 2.4 Dodging


You had 2 spell levels left.
You didn't know any spells.
Your spell library contained the following spells:

 Spells                   Type           Power      Damage    Failure   Level
 Summon Guardian Golem    Hex/Summ       0%         N/A       69%         3
 Orb of Destruction       Conj           0%         N/A       100%        7
 Spellforged Servitor     Conj/Summ      0%         N/A       100%        7


Dungeon Overview and Level Annotations

Branches:
Dungeon (2/15)

Altars:

Shops:
D:2 *


Innate Abilities, Weirdness & Mutations

Your plain brown scales are hard. (AC +5)
You cannot fit into any form of body armour.
You are cold-blooded and may be slowed by cold attacks.


Message History

You now have 134 gold pieces (gained 16).
You now have 147 gold pieces (gained 13).
An adder comes into view.
An adder is nearby!
An adder is nearby!
An adder is nearby!
The adder hisses angrily.
Found an orange potion.
Found a leather armour.
The adder closely misses you. The adder bites you.
You hit the adder.
The adder is poisoned.
Your tail-slap misses the adder.
The adder is lightly wounded.
The adder barely misses you.
You barely miss the adder.
The adder is heavily wounded.
The adder barely misses you.
You miss the adder.
The adder is severely wounded.
The adder bites you.
You are poisoned.
The adder poisons you! The adder barely misses you.
You hit the adder.
You kill the adder!
You feel sick.
Your Fighting skill increases to level 4!
No target in view!
You feel sick.
You feel sick.
You feel sick.
You feel sick.
You feel sick.
You feel sick.
You are no longer poisoned. "Let's see if it's strong enough to survive yet."
There are monsters nearby!
You barely miss the ice devil. The ice devil hits you!
A shower of butterflies erupts from you!
The ice devil freezes you!!
Ouch! That really hurt!
You die...
Xom chortles!

###############
######..............
#......#..##..#####.
#.###.....##..#####.#
###.# #..∩..##.bb.....#
#...###....###45##.#..#
#.#..)...### #.@# #
#.######.....b....[...#
##.### ########.#.##.##
#....# #.#!#
##.#.######## #.. #
###.##.....# ...
###.##....(# #..
#..........## ####
##.#.##......#


You could see an ice devil (summoned, ally target) and an ufetubus (summoned).

Vanquished Creatures
  2 adders (D:2)
  3 bats
  2 endoplasms
  A giant cockroach (D:2)
  4 goblins
  3 kobolds
  2 ball pythons (D:2)
  6 rats
23 creatures vanquished.

Notes
Turn   | Place    | Note
-------+----------+-------------------------------------------
     0 | D:1      | Lekart the Draconian Chaos Knight began the quest for the
                  | Orb.
     0 | D:1      | Reached XP level 1. HP: 19/19 MP: 1/1
   214 | D:1      | XOM: divination: magic mapping
   437 | D:1      | Reached XP level 2. HP: 26/26 MP: 2/2
   505 | D:1      | XOM: silly message
   654 | D:1      | Found a faded altar of an unknown god.
   998 | D:2      | Found Qafoehim's Assorted Antiques.
   998 | D:2      | XOM: 5-stop teleportation journey
  1054 | D:2      | Reached XP level 3. HP: 6/33 MP: 3/3
  1142 | D:2      | XOM: draining
  1367 | D:2      | Reached skill level 4 in Fighting
  1433 | D:2      | XOM: summons 2 hostile demons
  1434 | D:2      | Noticed an ice devil
  1434 | D:2      | XOM: butterfly on damage
  1434 | D:2      | Mangled by an ice devil

Illustrated notes

Levels and vault maps discovered:
D:1:      arrival_zaba_pyramid, layout_basic, chequers_ecumenical_altar_simple
D:2:      layout_loops_cross, serial_shops, shop_coins, minmay_puff,
          uniq_sigmund

Skill      XL: |  1  2  3 |
---------------+----------+-----
Fighting       | 4 |  4.0
Axes           | |  3.7
Dodging        | |  2.4

Action                   || total
-------------------------++-------
Melee: Hand axe          ||    64
       Tailslap          ||     3
 Stab: Sleeping          ||     1
Armor: Skin              ||    18
Dodge: Dodged            ||    36

Table legend: (Time is in decaauts)
 A = Elapsed time spent in this place.
 B = Non-inter-level travel time spent in this place.
 C = Inter-level travel time spent in this place.
 D = Time resting spent in this place.
 E = Time spent auto-exploring this place.
 F = Levels seen in this place.
 G = Mean time per level.
                   A        B        C        D        E       F      G
               +--------+--------+--------+--------+--------+-----+--------+
         Total |   1442 |   1428 |     14 |    208 |   1042 |   2 |  721.0 |
       Dungeon |   1442 |   1428 |     14 |    208 |   1042 |   2 |  721.0 |
               +--------+--------+--------+--------+--------+-----+--------+

Top non-repeatable levels by time:
     D:1: 745 daAuts
     D:2: 696 daAuts
